 Dungeon Crawl Stone Soup version 0.24-a0-584-g9d6b971ae4 (webtiles) character file.

Game seed: 13385620298049851873, levelgen mode: deterministic

54 Mithandil the Skirmisher (level 3, -1/30 HPs)
             Began as a Demonspawn Abyssal Knight on Sept 4, 2019.
             Was a Follower of Lugonu.
             Slain by a gnoll
             ... wielding a +0 whip
              (2 damage)
             ... on level 4 of the Dungeon.
             The game lasted 00:07:07 (1180 turns).

Mithandil the Skirmisher (DsAK)                     Turns: 1180, Time: 00:07:07

Health: -1/30      AC:  9    Str: 13      XL:     3   Next: 66%
Magic:  5/5        EV:  8    Int: 11 (13) God:    Lugonu [*.....]
Gold:   147        SH:  0    Dex:  9 (12) Spells: 2/2 levels left

rFire    x . .     SeeInvis .   a - +2 spear
rCold    x . .     Gourm    .   (no shield)
rNeg     . . .     Faith    .   d - +0 chain mail
rPois    +         Spirit   .   (helmet restricted)
rElec    +         Reflect  .   o - +0 cloak
rCorr    .         Harm     .   (no gloves)
MR       .....                  (no boots)
Stlth    ..........             (no amulet)
HPRegen  0.10/turn              e - ring of Ijonijegoime {+Inv rElec rPois rF- rC-}
MPRegen  0.09/turn              (no ring)

@: no status effects
A: horns 1, repulsion field 1
a: Depart the Abyss, Renounce Religion, Evoke Invisibility


You were on level 4 of the Dungeon.
You worshipped Lugonu.
Lugonu was aware of your devotion.
You were not hungry.

You visited 1 branch of the dungeon, and saw 4 of its levels.
You visited the Abyss 1 time.

You collected 147 gold pieces.

Inventory:

Hand Weapons
 a - a +2 spear (weapon)
 p - a +2 dire flail of venom
Missiles
 f - 38 stones (quivered)
 h - 42 arrows
 n - 22 sling bullets
Armour
 d - a +0 chain mail (worn)
 j - a +0 ring mail
 o - a +0 cloak (worn)
Jewellery
 e - the ring of Ijonijegoime (left hand) {+Inv rElec rPois rF- rC-}
   (You found it on level 2 of the Abyss)

   [ring of poison resistance]

   It makes you vulnerable to fire.
   It makes you vulnerable to cold.
   It insulates you from electricity.
   It protects you from poison.
   It lets you turn invisible.
Scrolls
 g - a scroll of magic mapping
 i - a scroll of teleportation {unknown}
 l - a scroll of identify
Potions
 b - 2 potions of heal wounds
 k - a potion of brilliance
Comestibles
 c - 3 rations
 m - 8 chunks of flesh


   Skills:
 + Level 3.7 Fighting
 + Level 2.4 Polearms
 + Level 2.2 Armour
 + Level 0.9 Dodging
 + Level 2.8 Invocations


You had 2 spell levels left.
You didn't know any spells.
Your spell library was empty.

Dungeon Overview and Level Annotations

Branches:
Dungeon (4/15)
 Temple: D:4-7

Altars:
Fedhas


Innate Abilities, Weirdness & Mutations

You have a pair of small horns on your head.
You are surrounded by a mild repulsion field. (EV +2)


Message History

You hit the gnoll shaman but do no damage.
The gnoll shaman is almost dead.
The gnoll shaman mumbles some strange prayers to its god.
The gnoll shaman is healed somewhat.
The gnoll hits you but does no damage.
You closely miss the gnoll shaman.
The gnoll shaman is heavily wounded.
The gnoll barely misses you.
The gnoll shaman hits you with a +0 whip.
The gnoll hits you from afar with a +0 spear.
* * * LOW HITPOINT WARNING * * *
The gnoll hits you but does no damage.
You closely miss the gnoll shaman.
The gnoll shaman is heavily wounded.
The gnoll barely misses you.
The gnoll shaman mumbles some strange prayers to its god.
The gnoll shaman is healed somewhat.
The gnoll hits you from afar with a +0 spear!
* * * LOW HITPOINT WARNING * * *
The gnoll hits you with a +0 whip.
You die...

#### ...############
..............#########
...#####..........#.g..
#### #......<....... .
#.........g#.....
##.......#g#.....
#........@gg.....
##........g#l.....
###.........## .!...
##.).........# #.##
###..#.######### ..
#......# . #.#...##
#.##...## ##.......#


You could see a gnoll shaman, 4 gnolls and a frilled lizard.

Vanquished Creatures
  A gnoll (D:1)
  2 adders (D:2)
  A leopard gecko (D:4)
  An orc (D:4)
  5 bats
  3 giant cockroaches
  A goblin (D:1)
  A hobgoblin (D:1)
  4 kobolds
  2 frilled lizards
  6 rats
27 creatures vanquished.

Notes
Turn   | Place    | Note
-------+----------+-------------------------------------------
     0 | Abyss:1  | Mithandil the Demonspawn Abyssal Knight began the quest for
                  | the Orb.
     0 | Abyss:1  | Reached XP level 1. HP: 18/18 MP: 2/2
     0 | Abyss:1  | Noticed a tentacled starspawn
     0 | Abyss:1  | Noticed a thrashing horror
     0 | Abyss:1  | Noticed a tentacled starspawn
     0 | Abyss:1  | Noticed a kobold demonologist
     0 | Abyss:1  | Noticed a starcursed mass
     0 | Abyss:1  | Noticed an ancient zyme
     0 | Abyss:1  | Noticed a tentacled starspawn
     1 | Abyss:1  | Noticed a tentacled starspawn
     3 | Abyss:1  | Noticed a tentacled starspawn
     3 | Abyss:1  | Noticed a small abomination
    33 | Abyss:2  | Got a brightly glowing ivory ring
    34 | Abyss:2  | Identified the ring of Ijonijegoime {+Inv rElec rPois rF-
                  | rC-} (You found it on level 2 of the Abyss)
    73 | Abyss:2  | Noticed a raiju
    77 | D:1      | Escaped the Abyss
   423 | D:1      | Gained mutation: You are surrounded by a mild repulsion
                  | field. (EV +2) [demonic ancestry]
   423 | D:1      | Reached XP level 2. HP: 24/24 MP: 3/3
   479 | D:2      | Reached * piety under Lugonu
   984 | D:2      | Gained mutation: You have a pair of small horns on your
                  | head. [demonic ancestry]
   984 | D:2      | Reached XP level 3. HP: 29/29 MP: 5/5
  1021 | D:2      | Found a blossoming altar of Fedhas.
  1180 | D:4      | HP: 1/30 [gnoll/+0 spear (7)]
  1180 | D:4      | Slain by a gnoll

Levels and vault maps discovered:
D:1:      dpeg_arrival_rooms_a, layout_loops_ring
D:2:      layout_loops_corners, lemuel_coloured_pillars_altar,
          old_standard_altar
D:3:      layout_loops_corners, nicolae_overflow_hidden_temple,
          overflow_temple_1_default, nicolae_overflow_crystal_walls,
          first_ration, minmay_quantized
D:4:      layout_rooms, marbit_many_paths, ebering_ghost_disaster_area,
          gup_sewer_entry_pipe, nzn_random_ring, uniq_grinder

Skill      XL: |  1  2 |
---------------+-------+-----
Armour         | 2 |  2.2
Polearms       | 2 |  2.4
Fighting       | |  3.7
Dodging        | |  0.9
Invocations    | |  2.8

Action                   || total
-------------------------++-------
Melee: Spear             ||   113
       Headbutt          ||     6
Invok: Depart the Abyss  ||     1
  Use: Potion            ||     5
       Scroll            ||     2
  Eat: Chunk             ||     1
Armor: Chain mail        ||    51
Dodge: Dodged            ||    42

Table legend:
 A = Non-vault XP
 B = Vault XP
 C = Vault XP percentage of total XP
 D = Non-vault monster count
 E = Vault monster count
 F = Vault count percentage of total count
                 A         B        C        D         E       F
            +---------+---------+-------+---------+---------+-------
      Total |      78 |       0 |   0.0 |      27 |       0 |   0.0
            +---------+---------+-------+---------+---------+-------
        D:1 |      38 |       0 |   0.0 |      16 |       0 |   0.0
        D:2 |      29 |       0 |   0.0 |       5 |       0 |   0.0
        D:3 |       5 |       0 |   0.0 |       4 |       0 |   0.0
        D:4 |       6 |       0 |   0.0 |       2 |       0 |   0.0
            +---------+---------+-------+---------+---------+-------
